LBI
WREXHAM DRUIDS @ NEWPORT STEVEDORES
07/15/1903
 
TOP OF THE 1ST
Wrexham Druids batting - Pitching for Newport Stevedores : RHP Gideon Atkinson
Pitching: RHP Gideon Atkinson
Batting: RHB Esteban Gomes 0-0: Swinging Strike
0-1: Swinging Strike
0-2: Strikes out swinging
Batting: LHB Quentin Hills 0-0: Fly out, F7 (Flyball, 78D, EV 177 KM/H)
Batting: LHB Ewan Gunn 0-0: Called Strike
0-1: Ball
1-1: Foul Ball, location: 2F
1-2: Foul Ball, location: 2F
1-2: Ground out 6-3 (Groundball, 6S, EV 111 KM/H)
Top of the 1st over - 0 runs, 0 hits, 0 errors, 0 left on base; Wrexham 0 - Newport 0
BOTTOM OF THE 1ST
Newport Stevedores batting - Pitching for Wrexham Druids : LHP Rigoberto Martínez
Pitching: LHP Rigoberto Martínez
Batting: RHB Gerald Bullen 0-0: Ball
1-0: Ball
2-0: Called Strike
2-1: SINGLE (Line Drive, 89M, EV 149 KM/H)
Batting: RHB Víctor Martínez 0-0: Called Strike
0-1: Fly out, F9 (Flyball, 89M, EV 137 KM/H)
Batting: SHB José Roa 0-0: Ball
Gerald Bullen is caught stealing 2nd base 2-4
1-0: Called Strike
1-1: Foul Ball, location: 2F
1-2: Ball
2-2: Foul Ball, location: 9LSF
2-2: Strikes out swinging
Bottom of the 1st over - 0 runs, 1 hit, 0 errors, 0 left on base; Wrexham 0 - Newport 0
TOP OF THE 2ND
Wrexham Druids batting - Pitching for Newport Stevedores : RHP Gideon Atkinson
Batting: LHB Teodosio Camarillo 0-0: SINGLE (Line Drive, 78M, EV 149 KM/H)
Batting: LHB Darren McCracken 0-0: Called Strike
0-1: Foul Ball, location: 9LMF
0-2: Fielders Choice at 2nd, 6-4 (Groundball, 6M, EV 141 KM/H)
Batting: RHB Declan McQuade 0-0: Ball
Darren McCracken steals 2nd base
1-0: Ball
2-0: Called Strike
2-1: Swinging Strike
2-2: SINGLE (Line Drive, 89S, EV 164 KM/H)
Darren McCracken to third
Runner from 3rd tries for Home, SAFE, throw by RF to home
Declan McQuade to second
Batting: LHB Harley Morgan 0-0: Ball
1-0: Swinging Strike
1-1: Fly out, F6 (Line Drive, 6, EV 103 KM/H)
Lined into DP, 6-4 (Line Drive, 6, EV 103 KM/H)
Top of the 2nd over - 1 run, 2 hits, 0 errors, 0 left on base; Wrexham 1 - Newport 0
BOTTOM OF THE 2ND
Newport Stevedores batting - Pitching for Wrexham Druids : LHP Rigoberto Martínez
Batting: RHB Conor Duffy 0-0: Ball
1-0: Ball
2-0: Foul Ball, location: 5F
2-1: Foul Ball, location: 2F
2-2: Ball
3-2: Base on Balls
Batting: LHB Harley Jones 0-0: Sac Bunt to 15S - play at first, batter OUT! 1-3
Conor Duffy to second
Batting: RHB Lucas Hughes 0-0: Ball
1-0: Ball
2-0: Called Strike
2-1: Called Strike
2-2: Foul Ball, location: 9LSF
2-2: Strikes out swinging
Batting: SHB Simon Harris 0-0: Ball
1-0: Foul Ball, location: 3FF
1-1: Ball
2-1: Ball
3-1: Ground out 4-3 (Groundball, 4MD, EV 161 KM/H)
Bottom of the 2nd over - 0 runs, 0 hits, 0 errors, 1 left on base; Wrexham 1 - Newport 0
TOP OF THE 3RD
Wrexham Druids batting - Pitching for Newport Stevedores : RHP Gideon Atkinson
Batting: SHB Ranulfo Carranza 0-0: Ball
1-0: Ball
2-0: Ball
3-0: Base on Balls
Batting: RHB Sam Darcy 0-0: Ball
1-0: Bunt - Flyout to 15S! F1
Batting: RHB Esteban Gomes 0-0: Called Strike
Ranulfo Carranza is caught stealing 2nd base 2-4
0-1: Fly out, F7 (Flyball, 7D, EV 166 KM/H)
Top of the 3rd over - 0 runs, 0 hits, 0 errors, 0 left on base; Wrexham 1 - Newport 0
BOTTOM OF THE 3RD
Newport Stevedores batting - Pitching for Wrexham Druids : LHP Rigoberto Martínez
Batting: RHB Manuel Covarrubias 0-0: Ball
1-0: Fly out, F8 (Line Drive, 8LM, EV 142 KM/H)
Batting: RHB Declan Elder 0-0: Ground out 5-3 (Groundball, 56S, EV 134 KM/H)
Batting: RHB Gerald Bullen 0-0: Ball
1-0: Foul Ball, location: 25F
1-1: Ground out 1-3 (Groundball, 15S, EV 111 KM/H)
Bottom of the 3rd over - 0 runs, 0 hits, 0 errors, 0 left on base; Wrexham 1 - Newport 0
TOP OF THE 4TH
Wrexham Druids batting - Pitching for Newport Stevedores : RHP Gideon Atkinson
Batting: LHB Quentin Hills 0-0: Ball
1-0: Ball
2-0: Swinging Strike
2-1: Swinging Strike
2-2: Ball
3-2: Fly out, F7 (Flyball, 7, EV 160 KM/H)
Batting: LHB Ewan Gunn 0-0: Ball
1-0: Ball
2-0: Ball
3-0: Base on Balls
Batting: LHB Teodosio Camarillo 0-0: Called Strike
Ewan Gunn steals 2nd base
0-1: Foul Ball, location: 2F
0-2: Ground out 4-3 (Groundball, 4, EV 143 KM/H)
Ewan Gunn to third
Batting: LHB Darren McCracken 0-0: Called Strike
0-1: Called Strike
0-2: Strikes out swinging
Top of the 4th over - 0 runs, 0 hits, 0 errors, 1 left on base; Wrexham 1 - Newport 0
BOTTOM OF THE 4TH
Newport Stevedores batting - Pitching for Wrexham Druids : LHP Rigoberto Martínez
Batting: RHB Víctor Martínez 0-0: Ball
1-0: Ball
2-0: Swinging Strike
2-1: Ball
3-1: Base on Balls
Batting: SHB José Roa 0-0: Grounds into double play, 5-4-3 (Groundball, 5S, EV 131 KM/H)
Batting: RHB Conor Duffy 0-0: Ball
1-0: Called Strike
1-1: Called Strike
1-2: Ball
2-2: Foul Ball, location: 25FF
2-2: Ground out 5-3 (Groundball, 5, EV 131 KM/H)
Bottom of the 4th over - 0 runs, 0 hits, 0 errors, 0 left on base; Wrexham 1 - Newport 0
TOP OF THE 5TH
Wrexham Druids batting - Pitching for Newport Stevedores : RHP Gideon Atkinson
Batting: RHB Declan McQuade 0-0: Swinging Strike
0-1: Foul Ball, location: 3DF
0-2: Strikes out swinging
Batting: LHB Harley Morgan 0-0: Ball
1-0: Foul Ball, location: 2F
1-1: Fly out, F7 (Flyball, 7D, EV 166 KM/H)
Batting: SHB Ranulfo Carranza 0-0: Called Strike
0-1: Ground out 4-3 (Groundball, 4, EV 140 KM/H)
Top of the 5th over - 0 runs, 0 hits, 0 errors, 0 left on base; Wrexham 1 - Newport 0
BOTTOM OF THE 5TH
Newport Stevedores batting - Pitching for Wrexham Druids : LHP Rigoberto Martínez
Batting: LHB Harley Jones 0-0: Ball
1-0: Foul Ball, location: 2F
1-1: Ball
2-1: Ball
3-1: Foul Ball, location: 5F
3-2: Strikes out looking
Batting: RHB Lucas Hughes 0-0: Foul Ball, location: 23F
0-1: Foul Ball, location: 2LF
0-2: Ground out 5-3 (Groundball, 56, EV 134 KM/H)
Batting: SHB Simon Harris 0-0: Called Strike
0-1: Ground out 5-3 (Groundball, 56, EV 137 KM/H)
Bottom of the 5th over - 0 runs, 0 hits, 0 errors, 0 left on base; Wrexham 1 - Newport 0
TOP OF THE 6TH
Wrexham Druids batting - Pitching for Newport Stevedores : RHP Gideon Atkinson
DELAY Rain delay of 16 minutes in the 6th inning.
Batting: RHB Sam Darcy 0-0: Ball
1-0: Swinging Strike
1-1: Ball
2-1: Ball
3-1: Foul Ball, location: 2F
3-2: Fly out, F8 (Flyball, 8LS, EV 154 KM/H)
Batting: RHB Esteban Gomes 0-0: Called Strike
0-1: Ball
1-1: Called Strike
1-2: SINGLE (Line Drive, 7S, EV 147 KM/H)
Batting: LHB Quentin Hills 0-0: Called Strike
0-1: Foul Ball, location: 5FF
0-2: Hit by Pitch
Esteban Gomes to second
Batting: LHB Ewan Gunn 0-0: Called Strike
0-1: Ball
1-1: Called Strike
1-2: Ball
2-2: Ground out 4-3 (Groundball, 4S, EV 116 KM/H)
Esteban Gomes to third
Quentin Hills to second
Batting: LHB Teodosio Camarillo 0-0: Called Strike
0-1: Ball
1-1: Swinging Strike
1-2: Ball
2-2: Foul Ball, location: 5SF
2-2: DOUBLE (Groundball, 3L, EV 154 KM/H)
Esteban Gomes scores
Quentin Hills scores
Batting: LHB Darren McCracken 0-0: Ball
1-0: Ball
2-0: Called Strike
2-1: Ball
3-1: Swinging Strike
3-2: TRIPLE (Line Drive, 89XD, EV 158 KM/H)
Teodosio Camarillo scores
Batting: RHB Declan McQuade 0-0: Ball
1-0: Foul Ball, location: 23F
1-1: Ball
2-1: Ball
3-1: Called Strike
3-2: Base on Balls
Batting: LHB Harley Morgan 0-0: Foul Ball, location: 7LMF
0-1: Foul Ball, location: 7LDF
0-2: Ball
1-2: Foul Ball, location: 25FF
1-2: Foul Ball, location: 9LMF
1-2: Fly out, F8 (Flyball, 78M, EV 140 KM/H)
Top of the 6th over - 3 runs, 3 hits, 0 errors, 2 left on base; Wrexham 4 - Newport 0
BOTTOM OF THE 6TH
Newport Stevedores batting - Pitching for Wrexham Druids : LHP Rigoberto Martínez
Batting: RHB Manuel Covarrubias 0-0: Called Strike
0-1: Ball
1-1: Called Strike
1-2: Foul Ball, location: 3FF
1-2: Ground out 4-3 (Groundball, 34, EV 144 KM/H)
Batting: RHB Declan Elder 0-0: Ball
1-0: Fly out, F3 (Popup, 3, EV 120 KM/H)
Batting: RHB Gerald Bullen 0-0: Ball
1-0: Foul Ball, location: 2F
1-1: SINGLE (Line Drive, 8LS, EV 156 KM/H)
Batting: RHB Víctor Martínez 0-0: Foul Ball, location: 9LMF
0-1: Reached on error, E6 (Groundball, 6, EV 134 KM/H)
Gerald Bullen to second
Batting: SHB José Roa 0-0: Fly out, F4 (Popup, 4D, EV 82 KM/H)
Bottom of the 6th over - 0 runs, 1 hit, 1 error, 2 left on base; Wrexham 4 - Newport 0
TOP OF THE 7TH
Wrexham Druids batting - Pitching for Newport Stevedores : RHP Gideon Atkinson
Batting: SHB Ranulfo Carranza 0-0: Called Strike
0-1: Called Strike
0-2: Ball
1-2: SINGLE (Line Drive, 9S, EV 145 KM/H)
Batting: RHB Sam Darcy 0-0: Ball
1-0: Foul Ball, location: 9LDF
1-1: Ball
2-1: Ball
3-1: Called Strike
3-2: SINGLE (Flyball, 6D, EV 139 KM/H)
Ranulfo Carranza to second
Batting: RHB Esteban Gomes 0-0: Called Strike
0-1: Ball
1-1: Called Strike
1-2: Foul Ball, location: 5F
1-2: Ball
2-2: SINGLE (Line Drive, 78M, EV 175 KM/H)
Ranulfo Carranza to third
Sam Darcy to second
Throwing error, E8
Ranulfo Carranza scores
Sam Darcy to third
Esteban Gomes to second
Batting: LHB Quentin Hills 0-0: Called Strike
0-1: Ball
1-1: Ball
2-1: Foul Ball, location: 3SF
2-2: Ball
3-2: Foul Ball, location: 25FF
3-2: Foul Ball, location: 25F
3-2: DOUBLE (Line Drive, 9LM, EV 159 KM/H)
Sam Darcy scores
Esteban Gomes scores
Pinch Hitting: RHB Richard Slack 0-0: Ball
1-0: Foul Ball, location: 7LSF
1-1: Called Strike
1-2: Strikes out swinging
Batting: LHB Teodosio Camarillo 0-0: Ball
1-0: Ball
2-0: Ball
3-0: Called Strike
3-1: SINGLE (Groundball, 4D, EV 152 KM/H)
Quentin Hills to third
Runner from 3rd tries for Home, SAFE, throw by RF to home
Teodosio Camarillo to second
Pitching: RHP Todd Shaw
Pinch Hitting: SHB Frazer Bently 0-0: Ball
1-0: Ball
2-0: Called Strike
2-1: Reached on error, E5 (Groundball, 5, EV 163 KM/H)
Batting: RHB Declan McQuade 0-0: Called Strike
0-1: Ball
1-1: Ball
2-1: Fly out, F5 (Popup, 5SF, EV 135 KM/H)
Batting: LHB Harley Morgan 0-0: Ball
1-0: Ball
2-0: Fly out, F8 (Line Drive, 8LM, EV 137 KM/H)
Top of the 7th over - 4 runs, 5 hits, 2 errors, 2 left on base; Wrexham 8 - Newport 0
BOTTOM OF THE 7TH
Newport Stevedores batting - Pitching for Wrexham Druids : LHP Rigoberto Martínez
Now at 3B: Richard Slack
Now in LF: Ranulfo Carranza
Now in RF: Frazer Bently
Pinch Hitting: LHB Marcus Cohen 0-0: Ball
1-0: Fly out, F8 (Flyball, 8RD, EV 152 KM/H)
Pinch Hitting: LHB Dane Stewart 0-0: Ball
1-0: Ball
2-0: Called Strike
2-1: Ball
3-1: Called Strike
3-2: Base on Balls
Pinch Hitting: RHB Aaron Newton 0-0: Called Strike
Dane Stewart steals 2nd base (no throw)
0-1: Ball
1-1: Ground out 4-3 (Groundball, 4, EV 138 KM/H)
Dane Stewart to third
Batting: SHB Simon Harris 0-0: Ball
1-0: Ball
2-0: Foul Ball, location: 5SF
2-1: Ball
3-1: DOUBLE (Flyball, 8LXD, EV 179 KM/H)
Dane Stewart scores
Batting: RHB Manuel Covarrubias 0-0: Ball
1-0: Ground out 4-3 (Groundball, 4M, EV 127 KM/H)
Bottom of the 7th over - 1 run, 1 hit, 0 errors, 1 left on base; Wrexham 8 - Newport 1
TOP OF THE 8TH
Wrexham Druids batting - Pitching for Newport Stevedores : RHP Todd Shaw
Now at 2B: Aaron Newton
Now in CF: Finlay Roberts
Now in RF: Marcus Cohen
Batting: SHB Ranulfo Carranza 0-0: Called Strike
0-1: Fly out, F5 (Line Drive, 56, EV 114 KM/H)
Batting: RHB Sam Darcy 0-0: Foul Ball, location: 2F
0-1: Ball
1-1: Foul Ball, location: 3F
1-2: SINGLE (Line Drive, 4D, EV 154 KM/H)
Batting: RHB Esteban Gomes 0-0: Ball
1-0: Fly out, F4 (Line Drive, 4MD, EV 112 KM/H)
Lined into DP, 4-3 (Line Drive, 4MD, EV 112 KM/H)
Top of the 8th over - 0 runs, 1 hit, 0 errors, 0 left on base; Wrexham 8 - Newport 1
BOTTOM OF THE 8TH
Newport Stevedores batting - Pitching for Wrexham Druids : LHP Rigoberto Martínez
Batting: RHB Declan Elder 0-0: Ball
1-0: Ball
2-0: Ball
3-0: Base on Balls
Pinch Hitting: RHB John Marriott 0-0: Ball
1-0: Called Strike
1-1: Foul Ball, location: 2LF
1-2: Foul Ball, location: 23FF
1-2: Foul Ball, location: 5F
1-2: Strikes out looking
Batting: RHB Víctor Martínez 0-0: Reached on error, E3 (Groundball, 3, EV 139 KM/H)
Declan Elder to second
Pinch Hitting: LHB Richard Walker 0-0: Called Strike
0-1: Foul Ball, location: 5F
0-2: Foul Ball, location: 2F
0-2: Fielders Choice at 2nd, 5-4 (Groundball, 5, EV 168 KM/H)
Declan Elder to third
Batting: LHB Marcus Cohen 0-0: Ball
1-0: Ball
2-0: Ball
3-0: Base on Balls
Richard Walker to second
Batting: LHB Finlay Roberts 0-0: Fly out, F2 (Popup, 3SF, EV 139 KM/H)
Bottom of the 8th over - 0 runs, 0 hits, 1 error, 3 left on base; Wrexham 8 - Newport 1
TOP OF THE 9TH
Wrexham Druids batting - Pitching for Newport Stevedores : RHP Todd Shaw
Now at 1B: John Marriott
Now in LF: Richard Walker
Batting: LHB Quentin Hills 0-0: SINGLE (Line Drive, 34D, EV 169 KM/H)
Batting: RHB Richard Slack 0-0: Ball
1-0: Reached on error, E3 (Groundball, 3, EV 136 KM/H)
Quentin Hills to second
Batting: LHB Teodosio Camarillo 0-0: Foul Ball, location: 2F
0-1: Ball
1-1: Ball
2-1: Foul Ball, location: 2F
2-2: Ball
3-2: Foul Ball, location: 7LDF
3-2: Reached on error, E3 (Groundball, 34, EV 168 KM/H)
Quentin Hills to third
Richard Slack to second
Batting: SHB Frazer Bently 0-0: Called Strike
0-1: Ball
1-1: Foul Ball, location: 2F
1-2: Grounds into double play, 6-4-3 (Groundball, 6, EV 137 KM/H)
Quentin Hills scores
Richard Slack to third
Batting: RHB Declan McQuade 0-0: Ground out 5-3 (Groundball, 25, EV 134 KM/H)
Top of the 9th over - 1 run, 1 hit, 2 errors, 1 left on base; Wrexham 9 - Newport 1
BOTTOM OF THE 9TH
Newport Stevedores batting - Pitching for Wrexham Druids : LHP Rigoberto Martínez
Batting: RHB Aaron Newton 0-0: Called Strike
0-1: Ball
1-1: Ground out 4-3 (Groundball, 4, EV 139 KM/H)
Batting: SHB Simon Harris 0-0: Called Strike
0-1: SINGLE (Flyball, 89S, EV 155 KM/H)
Batting: RHB Manuel Covarrubias 0-0: Ball
1-0: Grounds into double play, 6-4-3 (Groundball, 6, EV 163 KM/H)
Bottom of the 9th over - 0 runs, 1 hit, 0 errors, 0 left on base; Wrexham 9 - Newport 1
Sunday, March 31st , 2024 - OOTP Baseball 25.2 Build 53